 Dungeon Crawl Stone Soup version 0.30-a0-364-gf6b3ef1049 (webtiles) character file.

Game seed: 7143700052615160183

2 Shayle the Conjurer (level 1, 0/19 HPs)
             Began as a Naga Reaver on Nov 15, 2022.
             Slain by a goblin
             ... wielding a +0 club
              (3 damage)
             ... on level 1 of the Dungeon.
             The game lasted 00:00:28 (48 turns).

Shayle the Conjurer (Naga Reaver)                     Turns: 48, Time: 00:00:28

Health: 0/19       AC:  1    Str: 14    XL:     1   Next: 40%
Magic:  3/3        EV:  9    Int: 13    God:
Gold:   12         SH:  0    Dex:  9    Spells: 3/4 levels left

rFire   . . .      SeeInvis +    a - +0 hand axe
rCold   . . .      Faith    .    (no shield)
rNeg    . . .      Spirit   .    b - +0 leather armour
rPois   +          Reflect  .    (no helmet)
rElec   .          Harm     .    (no cloak)
rCorr   .          Rampage  .    (no gloves)
Will    .....                    (no barding)
Stlth   +.........               (no amulet)
HPRegen 0.23/turn                (no ring)
MPRegen 0.08/turn                (no ring)

@: short of breath, very slow
A: AC +0, large, see invisible, deformed body, poison resistance, slowness 2,
spit poison 1, naga tail 1
a: Spit Poison


You were on level 1 of the Dungeon.
You visited 1 branch of the dungeon, and saw 1 of its levels.

You collected 12 gold pieces.

Inventory:

Hand Weapons
 a - a +0 hand axe (weapon)
Armour
 b - a +0 leather armour (worn)


   Skills:
 + Level 2.0 Fighting
 + Level 3.0 Axes
 + Level 1.6 Dodging
 + Level 0.4 Stealth
 - Level 2.0 Spellcasting
 - Level 3.0 Conjurations


You had 3 spell levels left.
You knew the following spells:

 Your Spells              Type           Power      Damage    Failure   Level
a - Kiss of Death         Conj/Necr      20%        2d7       17%         1

Your spell library contained the following spells:

 Spells                   Type           Power      Damage    Failure   Level
 Momentum Strike          Conj/Tloc      10%        3d8       26%         2
 Hailstorm                Conj/Ice       5%         3d4       45%         3


Dungeon Overview and Level Annotations

Branches:
Dungeon (1/15)

Altars:


Innate Abilities, Weirdness & Mutations

Your serpentine skin is tough. (AC +0)
You have supernaturally acute eyesight. (SInv)
Armour fits poorly on your strangely shaped body.
Your system is resistant to poisons. (rPois)
You cover ground very slowly.
You can spit poison.
You have a snake-like lower body.


Message History

The goblin is heavily wounded.
The goblin hits you with a +0 dagger.
Unknown command.
You miss the goblin.
The goblin is heavily wounded.
The goblin hits you but does no damage.
You hit the goblin.
The goblin is severely wounded.
The goblin hits you but does no damage.
You completely miss the goblin.
The goblin is severely wounded.
The goblin hits you with a +0 dagger.
You barely miss the goblin.
The goblin is severely wounded.
The goblin hits you with a +0 dagger.
You closely miss the goblin.
The goblin is severely wounded.
The goblin hits you with a +0 dagger. The goblin barely misses you.
You hit the goblin.
You kill the goblin!
You have got your breath back.
The endoplasm jiggles.
Aiming: Spit Poison (3% risk of failure)
Press: ? - help, Shift-Dir - straight line, f - endoplasm
Aim: an endoplasm (96% to hit)
The splash of poison hits the endoplasm but does no damage.
The endoplasm barely misses you.
Unknown command.
You hit the endoplasm but do no damage. The endoplasm barely misses you.
You hit the endoplasm. You punch the endoplasm.
The endoplasm is almost dead.
The endoplasm freezes you.
You are frozen.
You hit the endoplasm.
You kill the endoplasm!
You barely miss the goblin. The goblin hits you with a +0 club.
* * * LOW HITPOINT WARNING * * *
You barely miss the goblin. The goblin barely misses you.
The goblin hits you with a +0 club.
You die...

##.##.~##~.Pā‰ˆ~~##P.
##.###.~ā‰ˆ#.~~~~..##
##..# ######..#~~##
#..## ####### ..#
#.##
...>.##.#########
.................
$....####.##.####
...# #@# .. #g#
...............
#.#.#.#.#.#####
........# #.# #.# ##
... ... #.# #.# ..
...


You could see a goblin.

Vanquished Creatures
  An endoplasm (D:1)
  A goblin (D:1)
2 creatures vanquished.

Notes
Turn   | Place    | Note
-------+----------+-------------------------------------------
     0 | D:1      | Shayle the Naga Reaver began the quest for the Orb.
     0 | D:1      | Reached XP level 1. HP: 19/19 MP: 3/3
    48 | D:1      | Slain by a goblin

Illustrated notes

Levels and vault maps discovered:
D:1:      lemuel_arrival_muddy, layout_basic, minmay_misc_feat_cross,
          hex_medium, serial_bayou_pond_d, nicolae_kite_square_tiling_tiny,
          ebering_dispersal_statue_hall, st_stairs_11

Action                   || total
-------------------------++-------
Melee: Hand axe          ||    11
       Punch             ||     1
 Abil: Spit Poison       ||     2
Armor: Leather armour    ||     2
Dodge: Dodged            ||     5

Table legend: (Time is in decaauts)
 A = Elapsed time spent in this place.
 B = Non-inter-level travel time spent in this place.
 C = Inter-level travel time spent in this place.
 D = Time resting spent in this place.
 E = Time spent auto-exploring this place.
 F = Levels seen in this place.
 G = Mean time per level.
                   A        B        C        D        E       F      G
               +--------+--------+--------+--------+--------+-----+--------+
         Total |     65 |     65 |      0 |      0 |     45 |   1 |   65.0 |
       Dungeon |     65 |     65 |      0 |      0 |     45 |   1 |   65.0 |
               +--------+--------+--------+--------+--------+-----+--------+

Top non-repeatable levels by time:
     D:1: 65 daAuts
